 Dungeon Crawl Stone Soup version 0.30-a0-956-gcec3b41aec (webtiles) character file.

Game seed: 13265497789808889271

147 DeathPants the Cutter (level 5, 0/42 HPs)
             Began as a Vine Stalker Gladiator on Mar 29, 2023.
             Was an Initiate of Gozag.
             Succumbed to a scorpion's poison
             ... on level 3 of the Dungeon.
             The game lasted 00:07:57 (3210 turns).

DeathPants the Cutter (Vine Stalker Gladiator)      Turns: 3210, Time: 00:07:57

Health: 0/42       AC: 29    Str: 17    XL:     5   Next: 29%
Magic:  3/6        EV:  2    Int: 10    God:    Gozag
Gold:   325        SH:  0    Dex: 15    Spells: 3/4 levels left

rFire   . . .      SeeInvis .    b - +2 dagger (protect)
rCold   . . .      Faith    .    (no shield)
rNeg    . . .      Spirit   +    f - melded +0 leather armour
rPois   +          Reflect  .    c - melded +0 helmet
rElec   .          Rampage  .    i - melded +0 cloak
rCorr   .          NoTele   +    h - melded +0 pair of gloves
Will    .....                    (boots currently unavailable)
Stlth   ++                       (no amulet)
HPRegen 1.07/turn                (no ring)
MPRegen 0.10/turn                (no ring)

@: lethally poisoned (0 -> -5), tree-form, under a protective aura
A: stationary, stasis, torment immunity, boosted hp, (fangs 2), regeneration 1,
magic shield, (antimagic bite), no potion heal 2
a: Renounce Religion, Potion Petition, Call Merchant, Bribe Branch


You were on level 3 of the Dungeon.
You worshipped Gozag.
Gozag was aware of your devotion.
You were a tree.
You visited 2 branches of the dungeon, and saw 5 of its levels.

You collected 420 gold pieces.
You paid 95 gold pieces to Gozag.

Inventory:

Hand Weapons
 a - a +0 rapier
 b - a +2 dagger of protection (weapon)
Missiles
 d - 3 throwing nets (quivered)
 e - a javelin
Armour
 c - a +0 helmet (melded)
 f - a +0 leather armour (melded)
 h - a +0 pair of gloves (melded)
 i - a +0 cloak (melded)
Scrolls
 j - 3 scrolls of teleportation
 o - 2 scrolls of enchant weapon
Potions
 g - a potion of might
 k - a potion of cancellation
 l - 2 potions of lignification
 m - a potion of flight


   Skills:
 + Level 2.9 Fighting
 + Level 3.5 Short Blades
 - Level 1.7 Throwing
 + Level 3.1 Dodging
 + Level 2.8 Stealth


You had 3 spell levels left.
You knew the following spells:

 Your Spells              Type           Power      Damage    Failure   Level
a - Kiss of Death         Conj/Necr      0%         2d5       36%         1

Your spell library contained the following spells:

 Spells                   Type           Power      Damage    Failure   Level
 Freeze                   Ice            0%         1d3       36%         1
 Cigotuvi's Dreadful Rot  Necr/Pois/Air  0%         N/A       50%         2
 Poisonous Vapours        Pois/Air       0%         N/A       50%         2
 Confusing Touch          Hex            0%         N/A       75%         3
 Frozen Ramparts          Ice            0%         1d1       75%         3
 Hailstorm                Conj/Ice       0%         3d3       75%         3
 Mephitic Cloud           Conj/Pois/Air  0%         N/A       75%         3
 Dispel Undead            Necr           0%         3d6       98%         4


Dungeon Overview and Level Annotations

Branches:
Dungeon (4/15)             Temple (1/1) D:4

Altars:
Dithmenos
Gozag
Kikubaaqudgha
Makhleb
Nemelex Xobeh
Okawaru
Ru
Sif Muna
Vehumet
The Shining One

Annotations:
D:4 Menkaure


Innate Abilities, Weirdness & Mutations

You are a tree.
Your roots penetrate the ground, keeping you stationary.
You cannot be teleported.
You are immune to unholy pain and torment.
Your maximum health is greatly increased.
Your equipment is partially melded.
((You have extremely sharp teeth.))
Your natural rate of healing is unusually fast.
When hurt, damage is shared between your health and your magic reserves.
((Your bite disrupts and absorbs the magic of your enemies.))
Potions cannot restore your health.


Message History

You hit the scorpion.
You bite the scorpion, but do no damage.
The scorpion is moderately wounded.
You feel sick. The scorpion closely misses you.
You hit the scorpion but do no damage.
You bite the scorpion, but do no damage.
The scorpion is moderately wounded.
You feel sick. The scorpion stings you.
You are more poisoned.
The scorpion poisons you!
You hit the scorpion.
You bite the scorpion, but do no damage.
The scorpion is moderately wounded.
You feel very sick.
The scorpion stings you but does no damage.
You hit the scorpion but do no damage.
The scorpion is moderately wounded.
You feel sick. The scorpion stings you.
You barely miss the scorpion. You bite the scorpion. You drain its power.
You feel invigorated.
The scorpion is moderately wounded.
You feel sick. The scorpion stings you.
* * * LOW HITPOINT WARNING * * *
You are lethally poisoned!
The scorpion poisons you!
It was a potion of flight.
You feel very buoyant.
You fly up into the air.
* * * LOW HITPOINT WARNING * * *
You feel very sick.
The scorpion stings you but does no damage.
The scorpion misses you.
Really quaff the potion of lignification?
You turn into a tree.
Your +0 cloak melds into your body.
Your +0 helmet melds into your body.
Your +0 pair of gloves melds into your body.
Your +0 leather armour melds into your body.
Your roots penetrate the ground.
You die...
Your body crumbles into a pile of gold.

####..'.....'..# #.#
#..#..#.....#.?# #.#
#.#####.....#### #.#
#.##..#.....#..###.##
#.##..#.....#..#....#
#########
#.##'####'####'#.#..#
#.......#
#.#..............#..#
#.#####.#
#...............s...#####.##
#.#
#...............♣....##....#
#.#
##.#'####'####'#....###.#..#
#.#
#.#..#.....#..#...........#
#.#
#.#..#.....#..###.####.##.#
#.# #.####.....#### #.#
#.##.# #.#
#.#!.#.....#..###'## #.##.#
#..
#.#..'.....'..##...###....#
##.
#.####'###'####.....#########
#. #....#..#..###.......##
##.###.


You could see a scorpion.

Vanquished Creatures
  9 adders
  A worm (D:2)
  2 dart slugs
  2 orcs
  An endoplasm (D:1)
  4 goblins
  7 hobgoblins
  2 jackals (D:1)
  3 kobolds
  3 quokkas
  13 ball pythons
  5 bats
  8 frilled lizards
  3 rats
63 creatures vanquished.

Notes
Turn   | Place    | Note
-------+----------+-------------------------------------------
     0 | D:1      | DeathPants the Vine Stalker Gladiator began the quest for
                  | the Orb.
     0 | D:1      | Reached XP level 1. HP: 11/11 MP: 2/2
    76 | D:1      | Reached skill level 1 in Stealth
    76 | D:1      | Reached XP level 2. HP: 15/15 MP: 3/3
  1109 | D:2      | Reached XP level 3. HP: 11/18 MP: 1/4
  1178 | D:2      | Found a faded altar of an unknown god.
  1343 | D:2      | Learned a level 1 spell: Kiss of Death
  1423 | D:2      | Gained mutation: Your natural rate of healing is unusually
                  | fast. [Vine Stalker growth]
  1423 | D:2      | Reached XP level 4. HP: 22/23 MP: 5/5
  2004 | D:4      | Found a staircase to the Ecumenical Temple.
  2041 | Temple   | Entered the Ecumenical Temple
  2145 | Temple   | Became a worshipper of Gozag Ym Sagoz the Greedy
  2273 | D:3      | Found a sacrificial altar of Ru.
  2300 | D:3      | Found an ancient bone altar of Kikubaaqudgha.
  2500 | D:4      | Noticed Menkaure
  2639 | D:4      | Noticed a scorpion
  2987 | D:3      | Reached XP level 5. HP: 28/28 MP: 6/6
  3209 | D:3      | HP: 1/28 [poisoned by a scorpion]
  3210 | D:3      | Succumbed to a scorpion's poison

Illustrated notes

Levels and vault maps discovered:
D:1:      zaba_arrival_water, layout_basic, st_stairs_12
D:2:      layout_loops_corners, chequers_ecumenical_altar_simple_redux,
          kennysheep_generic_room_7
D:3:      layout_loops_corners, mainiacjoe_overflow_two_lobes,
          minmay_snake_closets
D:4:      layout_cave_pools, minmay_temple_entry_offerings,
          minmay_misc_feat_encased, uniq_menkaure
Temple:   minmay_temple_forest_path

Skill      XL: |  1  2  3  4 |
---------------+-------------+-----
Fighting       | 2 |  2.9
Stealth        | 1 2 |  2.8
Short Blades   | 3 |  3.5
Dodging        | 3 |  3.1
Throwing       | |  1.7

Action                     |  1- 3 |  4- 6 || total
---------------------------+-------+-------++-------
  Melee: Rapier            |    46 |       ||    46
         Bite              |    22 |    31 ||    53
         Dagger            |    29 |   117 ||   146
    Use: Scroll            |     6 |     6 ||    12
         Potion            |       |     2 ||     2
   Stab: Sleeping          |     1 |     9 ||    10
 Armour: Leather armour    |    20 |    32 ||    52
  Dodge: Dodged            |    51 |    62 ||   113

Table legend: (Time is in decaauts)
 A = Elapsed time spent in this place.
 B = Non-inter-level travel time spent in this place.
 C = Inter-level travel time spent in this place.
 D = Time resting spent in this place.
 E = Time spent auto-exploring this place.
 F = Levels seen in this place.
 G = Mean time per level.
                   A        B        C        D        E       F      G
               +--------+--------+--------+--------+--------+-----+--------+
         Total |   3200 |   3110 |     90 |      0 |   2292 |   5 |  640.0 |
       Dungeon |   3059 |   3005 |     54 |      0 |   2202 |   4 |  764.8 |
        Temple |    141 |    105 |     36 |      0 |     90 |   1 |  141.0 |
               +--------+--------+--------+--------+--------+-----+--------+

Top non-repeatable levels by time:
     D:3: 1088 daAuts
     D:1: 987 daAuts
     D:2: 906 daAuts
  Temple: 141 daAuts
     D:4: 76 daAuts
